 Dungeon Crawl Stone Soup version 0.21.1-1-g345015f (webtiles) character file.

33 empire the Slasher (level 3, -4/31 HPs)
             Began as a Minotaur Fighter on July 4, 2018.
             Killed from afar by Sigmund (5 damage)
             ... with a puff of flame
             ... on level 2 of the Dungeon.
             The game lasted 00:02:13 (573 turns).

empire the Slasher (Minotaur Fighter)                Turns: 573, Time: 00:02:14

Health: -4/31      AC:  6    Str: 26    XL:     3   Next: 12%
Magic:  2/2        EV:  7    Int:  5    God:
Gold:   34         SH:  9    Dex:  9    Spells: 2/2 levels left

rFire    . . .     SeeInvis .   a - +0 long sword
rCold    . . .     Gourm    .   c - +0 shield
rNeg     . . .     Faith    .   b - +0 scale mail
rPois    .         Spirit   .   (helmet restricted)
rElec    .         Reflect  .   (no cloak)
rCorr    .         Harm     .   (no gloves)
MR       .....     Rnd*Tele +   (no boots)
Stlth    ..........             (no amulet)
HPRegen  0.10/turn              j - ring of teleportation (curse)
MPRegen  0.08/turn              (no ring)

@: mighty
A: retaliatory headbutt, horns 2
a: no special abilities


You were on level 2 of the Dungeon.
You were not hungry.

You visited 1 branch of the dungeon, and saw 2 of its levels.

You collected 34 gold pieces.

Inventory:

Hand Weapons
 a - a +0 long sword (weapon)
Armour
 b - a +0 scale mail (worn)
 c - a +0 shield (worn)
Jewellery
 j - a cursed ring of teleportation (left hand)
Scrolls
 i - a scroll of identify {unknown}
 k - a scroll of teleportation {unknown}
 m - a scroll of magic mapping {unknown}
Potions
 e - 3 potions of curing {unknown}
 g - a potion of brilliance {unknown}
 l - a potion of heal wounds {unknown}
Comestibles
 f - 2 rations
 h - 3 chunks of flesh


   Skills:
 - Level 3.6 Fighting
 + Level 4.4 Long Blades
 - Level 3.6 Armour
 - Level 3.6 Shields


You had 2 spell levels left.
You didn't know any spells.

Dungeon Overview and Level Annotations

Branches:
Dungeon (2/15)

Altars:
Trog

Annotations:
D:2 Sigmund


Innate Abilities, Weirdness & Mutations

You reflexively headbutt those who attack you in melee.
You have a pair of horns on your head.


Message History

Sigmund flickers and vanishes!
Deactivating autopickup; reactivate with Ctrl-A.
You closely miss something. Your headbutt misses something. Something hits you.
You miss something. Something hits you but does no damage.
You miss something. Your headbutt misses something.
You hear some strange, mumbled words.
A magic dart appears from out of thin air!
The magic dart hits you!
You closely miss something.
You hear some strange, mumbled words.
Something tries to affect you, but you resist.
You closely miss something. Your headbutt misses something. Something hits you.
* * * LOW HITPOINT WARNING * * *
You miss something. You headbutt something! Something hits you!
* * * LOW HITPOINT WARNING * * *
Your shield prevents you from hitting something.
You hear some strange, mumbled words.
A puff of flame appears from out of thin air!
The puff of flame hits you!
You die...

### ## ... .. ###
.. # ### .#
#.#######.#
#.{@._..'.#
#.###.###.# # #.# #
#.###'###.# #
#.........# ..
####....### .#
#####.######## .#
##.....##.....##.#
##...........<....#
#


There were no monsters in sight!

Vanquished Creatures
  An ooze (D:1)
  A leopard gecko (D:2)
  6 bats (D:1)
  A giant cockroach (D:1)
  3 goblins
  2 hobgoblins (D:1)
  3 jackals (D:1)
  5 kobolds
  2 frilled lizards (D:1)
  3 rats (D:1)
27 creatures vanquished.

Notes
Turn   | Place    | Note
-------+----------+-------------------------------------------
     0 | D:1      | empire the Minotaur Fighter began the quest for the Orb.
     0 | D:1      | Reached XP level 1. HP: 19/19 MP: 0/0
    80 | D:1      | Reached skill level 3 in Long Blades
    90 | D:1      | Reached XP level 2. HP: 14/26 MP: 1/1
   401 | D:1      | Reached skill level 4 in Long Blades
   463 | D:1      | Reached XP level 3. HP: 31/31 MP: 2/2
   554 | D:2      | Found a bloodstained altar of Trog.
   555 | D:2      | Noticed Sigmund
   572 | D:2      | HP: 1/31 [something (8)]
   573 | D:2      | Killed from afar by Sigmund

Skill      XL: |  1  2 |
---------------+-------+-----
Long Blades    | 3 4 |  4.4
Fighting       | |  3.6
Armour         | |  3.6
Shields        | |  3.6

Action                   || total
-------------------------++-------
Melee: Long sword        ||    75
       Headbutt          ||     9
  Use: Scroll            ||     1
       Potion            ||     1
Armor: Scale mail        ||    37
Dodge: Dodged            ||    29
Block: Shield            ||    40
       Rpst.: Long sword ||     8
